 Dungeon Crawl Stone Soup version 0.14-a0-1876-g927fc3a (webtiles) character file.

257 Mitsuki the Ruinous (level 5, -2/31 HPs)
             Began as an Octopode Conjurer on Jan 15, 2014.
             Slain by an orc
             ... wielding a +0,+3 orcish trident
              (7 damage)
             ... while paralysed
             ... on Level 3 of the Dungeon.
             The game lasted 00:10:13 (3077 turns).

Mitsuki the Ruinous (Octopode Conjurer)             Turns: 3077, Time: 00:10:13

HP  -2/31        AC  1     Str  9      XL: 5   Next: 35%
MP   9/9         EV  2     Int 17      God:
Gold 103         SH  0     Dex 12      Spells:  1 memorised,  7 levels left

rFire  . . .     SeeInvis .     (no weapon)
rCold  + . .     Clarity  .     (no shield)
rNeg   . . .     Conserve .     (helmet restricted)
rPois  .         rCorr    .     (no amulet)
rElec  .         rRot     .     f - cursed ring of hunger
SustAb . .       Spirit   .     d - ring of protection from cold
rMut   .         Warding  .     (no ring)
Saprov . . .     Stasis   .     (no ring)
MR     .....                    (no ring)
                                (no ring)
                                (no ring)
                                (no ring)

@: paralysed, not resistant to hostile enchantments, quite stealthy
A: almost no armour, amphibious, 8 rings, constrict 8, camouflage 1, gelatinous
body 1
a: no special abilities


You were on level 3 of the Dungeon.
You were starving.

You visited 1 branch of the dungeon, and saw 3 of its levels.

You collected 103 gold pieces.

Inventory:

Scrolls
 a - 2 scrolls of identify
 b - a scroll of blinking
 g - a scroll of teleportation
Jewellery
 d - a ring of protection from cold (right tentacle)
 f - a cursed ring of hunger (left tentacle)
Potions
 e - a potion of brilliance
 h - a potion of invisibility {unknown}
Books
 c - a book of Conjurations

   Spells                             Type                      Level
   *Magic Dart                        Conjuration                  1
   Searing Ray                        Conjuration                  2
   Dazzling Spray                     Conjuration/Hexes            3
   Iskenderun's Mystic Blast          Conjuration                  4
   Iskenderun's Battlesphere          Conjuration/Charms           4
   Fulminant Prism                    Conjuration/Hexes            5


   Skills:
 - Level 2.0 Dodging
 - Level 2.6 Stealth
 - Level 2.0 Spellcasting
 + Level 6.4 Conjurations


You had 7 spell levels left.
You knew the following spells:

 Your Spells              Type           Power        Failure   Level  Hunger
a - Magic Dart            Conj           ###.         1%          1    #......


Dungeon Overview and Level Annotations

Branches:
Dungeon (3/16)

Altars:
Sif Muna


Innate Abilities, Weirdness & Mutations

You cannot wear most types of armour.
You are amphibious.
You can wear up to eight rings at the same time.
You can use your tentacles to constrict many enemies at once.
Your skin changes colour to match your surroundings (Stlth).
Your rubbery body absorbs attacks (AC +1).


Message History

The orc misses you.
You hit the orc. Your grab misses the orc.
The orc is moderately wounded.
The orc hits you with an orcish trident!
You hit the orc but do no damage. Your grab misses the orc.
Your squeeze misses the orc.
The orc is moderately wounded.
The orc misses you.
You closely miss the orc. Your grab misses the orc. You squeeze the orc.
The orc is severely wounded.
The orc closely misses you.
You barely miss the orc. Your grab misses the orc.
You squeeze the orc, but do no damage.
The orc is severely wounded.
The orc closely misses you.
You lose consciousness!
The orc hits you with an orcish trident!
* * * LOW HITPOINT WARNING * * *
The orc hits you with an orcish trident!
You die...

#................
#....≈≈≈..
#.............###
##........
#...<.........#
##.......
#.............#
###...##
#.....>.......#####
#####
...................
............######
.#########..#######
........@........
........o........
...............
#######........ #
......... .(
.....(.. .. .......
.. #...... .. ...
..


You could see an orc.

Vanquished Creatures
  A giant frog (D:3)
  Jessica (D:3)
  An inept feature mimic (D:2)
  A giant mite (D:2)
  A worm (D:3)
  A giant gecko (D:1)
  4 ball pythons
  A giant cockroach (D:2)
  5 hobgoblins
  6 jackals (D:2)
  A quokka (D:2)
  3 bats
  5 giant newts
  11 goblins
  3 kobolds
  6 rats
51 creatures vanquished.

Notes
Turn   | Place    | Note
--------------------------------------------------------------
     0 | D:1      | Mitsuki, the Octopode Conjurer, began the quest for the Orb.
     0 | D:1      | Reached XP level 1. HP: 11/11 MP: 3/3
   281 | D:1      | Reached XP level 2. HP: 17/17 MP: 2/4
  1284 | D:2      | Reached XP level 3. HP: 21/21 MP: 4/6
  1457 | D:2      | Reached skill level 5 in Conjurations
  2205 | D:2      | Reached XP level 4. HP: 5/27 MP: 0/7
  2533 | D:3      | Noticed Jessica
  2537 | D:3      | Killed Jessica
  2581 | D:3      | Found a deep blue altar of Sif Muna.
  2613 | D:3      | Noticed a giant frog
  2618 | D:3      | Killed a giant frog
  2618 | D:3      | Reached skill level 6 in Conjurations
  2618 | D:3      | Reached XP level 5. HP: 31/31 MP: 2/9
  3077 | D:3      | Slain by an orc

Action                   |  1- 3 |  4- 6 || total
-------------------------+-------+-------++-------
Melee: Unarmed           |    10 |     7 ||    17
 Cast: Magic Dart        |    78 |    27 ||   105
  Use: Potion            |     3 |       ||     3
       Scroll            |     8 |     1 ||     9
